NYP
LOS ANGELES (NYP) DODGERS @ SALEM-KEIZER VOLCANOES
06/13/2047
 
TOP OF THE 1ST
Los Angeles (NYP) Dodgers batting - Pitching for Salem-Keizer Volcanoes : LHP Hector Jimenez
Pitching: LHP Hector Jimenez
Batting: RHB Theo Schepers 0-0: Ball
1-0: Bunted foul
1-1: Foul Ball, location: 2F
1-2: Ball
2-2: SOLO HOME RUN (Flyball, 89XD, EV 105.0 MPH), Distance : 430 ft
Batting: RHB Ruben Serrata 0-0: Ball
1-0: Ground out U3 (Groundball, 3S, EV 77.5 MPH)
Batting: RHB Javier Solis 0-0: Called Strike
0-1: Ball
1-1: Swinging Strike
1-2: Foul Ball, location: 2F
1-2: Ball
2-2: Foul Ball, location: 2F
2-2: Ball
3-2: DOUBLE (Line Drive, 7LM, EV 108.1 MPH)
Batting: RHB Robby Cuellar 0-0: Called Strike
0-1: Foul Ball, location: 2F
0-2: Ball
1-2: Ground out 5-3 (Groundball, 56, EV 100.6 MPH)
Batting: LHB Chris Buchan 0-0: Ball
1-0: Ball
2-0: DOUBLE (Line Drive, 3D, EV 100.0 MPH)
Javier Solis scores
Batting: RHB Alex Mejia 0-0: Foul Ball, location: 2F
0-1: SINGLE (Groundball, 6M, EV 103.1 MPH)
Chris Buchan to third
Runner from 3rd tries for Home, SAFE, throw by CF to home
Batting: LHB Fernão Manta 0-0: Called Strike
Alex Mejia is caught stealing 2nd base 2-6
Top of the 1st over - 3 runs, 4 hits, 0 errors, 0 left on base; Los Angeles (NYP) 3 - Salem-Keizer 0
BOTTOM OF THE 1ST
Salem-Keizer Volcanoes batting - Pitching for Los Angeles (NYP) Dodgers : RHP Alberto Castillo
Pitching: RHP Alberto Castillo
Batting: RHB Cesar Martinez 0-0: Ball
1-0: Foul Ball, location: 2F
1-1: Foul Ball, location: 2F
1-2: Hit by Pitch
Batting: RHB Troy Trice 0-0: Foul Ball, location: 2F
0-1: Swinging Strike
0-2: Ball
1-2: Strikes out swinging
Batting: RHB Frank Pena 0-0: Ball
1-0: Ball
2-0: Called Strike
Cesar Martinez is caught stealing 2nd base 2-4
2-1: Called Strike
2-2: Foul Ball, location: 2F
2-2: Fly out, F3 (Popup, 3F, EV 80.6 MPH)
Bottom of the 1st over - 0 runs, 0 hits, 0 errors, 0 left on base; Los Angeles (NYP) 3 - Salem-Keizer 0
TOP OF THE 2ND
Los Angeles (NYP) Dodgers batting - Pitching for Salem-Keizer Volcanoes : LHP Hector Jimenez
Batting: LHB Fernão Manta 0-0: Called Strike
0-1: Foul Ball, location: 2F
0-2: Ball
1-2: Ball
2-2: SINGLE (Groundball, 6D, EV 103.8 MPH)
Batting: LHB Bobby Gambrell 0-0: Ball
1-0: Ball
2-0: Ball
3-0: Base on Balls
Fernão Manta to second
Batting: LHB Jim Jardine 0-0: Called Strike
0-1: Swinging Strike
0-2: Ball
1-2: Ball
2-2: Ball
3-2: Base on Balls
Fernão Manta to third
Bobby Gambrell to second
Batting: RHB Theo Schepers 0-0: Ball
1-0: Called Strike
1-1: Called Strike
1-2: Foul Ball, location: 2F
1-2: Foul Ball, location: 2F
1-2: SINGLE (Groundball, 56D, EV 102.5 MPH)
Fernão Manta scores
Bobby Gambrell to third
Jim Jardine to second
Runner from 3rd tries for Home, SAFE, throw by LF to home
Pitching: RHP Lee Chamness
Batting: RHB Ruben Serrata 0-0: Ball
Wild Pitch!
Jim Jardine to third
Theo Schepers to second
1-0: Called Strike
1-1: Ball
2-1: Ball
3-1: Fly out, F9 (Flyball, 9D, EV 99.4 MPH)
Batting: RHB Javier Solis 0-0: Ball
1-0: Ball
2-0: Called Strike
2-1: Swinging Strike
2-2: DOUBLE (Flyball, 8LXD, EV 110.6 MPH)
Jim Jardine scores
Theo Schepers scores
Batting: RHB Robby Cuellar 0-0: Swinging Strike
0-1: Ball
1-1: Ball
2-1: Foul Ball, location: 2F
2-2: Strikes out swinging
Batting: LHB Chris Buchan 0-0: Swinging Strike
0-1: Ball
1-1: Foul Ball, location: 2F
1-2: Foul Ball, location: 2F
1-2: DOUBLE (Flyball, 89XD, EV 102.5 MPH)
Javier Solis scores
Batting: RHB Alex Mejia 0-0: Called Strike
0-1: Swinging Strike
0-2: Ball
Wild Pitch!
Chris Buchan to third
1-2: Strikes out swinging
Top of the 2nd over - 5 runs, 4 hits, 0 errors, 1 left on base; Los Angeles (NYP) 8 - Salem-Keizer 0
BOTTOM OF THE 2ND
Salem-Keizer Volcanoes batting - Pitching for Los Angeles (NYP) Dodgers : RHP Alberto Castillo
Batting: RHB Omar Jordan 0-0: Ball
1-0: Ball
2-0: Called Strike
2-1: Foul Ball, location: 2F
2-2: Ball
3-2: Foul Ball, location: 2F
3-2: Strikes out swinging
Batting: LHB James Wheaton 0-0: Called Strike
0-1: Called Strike
0-2: Ball
1-2: Ball
2-2: Foul Ball, location: 2F
2-2: Ball
3-2: Strikes out swinging
Batting: LHB John Whitman 0-0: Called Strike
0-1: Foul Ball, location: 2F
0-2: Ball
1-2: Ball
2-2: Ball
3-2: Foul Ball, location: 2F
3-2: DOUBLE (Flyball, 89D, EV 98.8 MPH)
Batting: RHB Zach Maguire 0-0: Ball
1-0: Called Strike
1-1: Called Strike
1-2: Ball
2-2: Ball
3-2: Foul Ball, location: 2F
3-2: Base on Balls
Batting: RHB Willie Sanchez 0-0: Ball
1-0: Foul Ball, location: 2F
1-1: Fly out, F8 (Line Drive, 8RD, EV 86.2 MPH)
Bottom of the 2nd over - 0 runs, 1 hit, 0 errors, 2 left on base; Los Angeles (NYP) 8 - Salem-Keizer 0
TOP OF THE 3RD
Los Angeles (NYP) Dodgers batting - Pitching for Salem-Keizer Volcanoes : RHP Lee Chamness
Batting: LHB Fernão Manta 0-0: Ball
1-0: Called Strike
1-1: Foul Ball, location: 2F
1-2: DOUBLE (Line Drive, 78M, EV 90.6 MPH)
Batting: LHB Bobby Gambrell 0-0: Called Strike
0-1: Foul Ball, location: 2F
0-2: Ball
1-2: Strikes out swinging
Batting: LHB Jim Jardine 0-0: Ball
1-0: Ball
2-0: Ball
3-0: Called Strike
3-1: Base on Balls
Batting: RHB Theo Schepers 0-0: Ball
1-0: Foul Ball, location: 2F
1-1: Ball
2-1: Fielders Choice at 2nd, 4-6 (Groundball, 34, EV 81.9 MPH)
Fernão Manta to third
Batting: RHB Ruben Serrata 0-0: Swinging Strike
0-1: Foul Ball, location: 2F
0-2: Ball
1-2: Strikes out swinging
Top of the 3rd over - 0 runs, 1 hit, 0 errors, 2 left on base; Los Angeles (NYP) 8 - Salem-Keizer 0
BOTTOM OF THE 3RD
Salem-Keizer Volcanoes batting - Pitching for Los Angeles (NYP) Dodgers : RHP Alberto Castillo
Batting: RHB Ed Broomhead 0-0: Ground out 6-3 (Groundball, 6M, EV 102.5 MPH)
Batting: RHB Cesar Martinez 0-0: Ball
1-0: Ball
2-0: Ball
3-0: Called Strike
3-1: Swinging Strike
3-2: Strikes out looking
Batting: RHB Troy Trice 0-0: SINGLE (Line Drive, 8LS, EV 95.0 MPH)
Batting: RHB Frank Pena 0-0: Ball
1-0: Swinging Strike
1-1: Ball
2-1: Swinging Strike
Passed Ball!
Troy Trice to second
2-2: Strikes out swinging
Bottom of the 3rd over - 0 runs, 1 hit, 0 errors, 1 left on base; Los Angeles (NYP) 8 - Salem-Keizer 0
TOP OF THE 4TH
Los Angeles (NYP) Dodgers batting - Pitching for Salem-Keizer Volcanoes : RHP Lee Chamness
Batting: RHB Javier Solis 0-0: Called Strike
0-1: Ball
1-1: Fly out, F5 (Line Drive, 5L, EV 72.5 MPH)
Batting: RHB Robby Cuellar 0-0: Ball
1-0: Ball
2-0: Ball
3-0: Called Strike
3-1: Base on Balls
Pitching: RHP Peter Ellis
Batting: LHB Chris Buchan 0-0: Called Strike
0-1: Grounds into double play, 4-6-3 (Groundball, 4, EV 91.9 MPH)
Top of the 4th over - 0 runs, 0 hits, 0 errors, 0 left on base; Los Angeles (NYP) 8 - Salem-Keizer 0
BOTTOM OF THE 4TH
Salem-Keizer Volcanoes batting - Pitching for Los Angeles (NYP) Dodgers : RHP Alberto Castillo
Batting: RHB Omar Jordan 0-0: Foul Ball, location: 2F
0-1: Ball
1-1: Ball
2-1: Ball
3-1: Foul Ball, location: 2F
3-2: Foul Ball, location: 2F
3-2: Foul Ball, location: 2F
3-2: Base on Balls
Batting: LHB James Wheaton 0-0: Hit by Pitch
Omar Jordan to second
Batting: LHB John Whitman 0-0: Ball
1-0: Foul Ball, location: 2F
1-1: Ball
Passed Ball!
Omar Jordan to third
James Wheaton to second
2-1: Foul Ball, location: 2F
2-2: Ball
3-2: Strikes out swinging
Batting: RHB Zach Maguire 0-0: Called Strike
0-1: Called Strike
0-2: Strikes out swinging
Batting: RHB Willie Sanchez 0-0: Ball
1-0: Ground out 5-3 (Groundball, 56S, EV 86.2 MPH)
Bottom of the 4th over - 0 runs, 0 hits, 0 errors, 2 left on base; Los Angeles (NYP) 8 - Salem-Keizer 0
TOP OF THE 5TH
Los Angeles (NYP) Dodgers batting - Pitching for Salem-Keizer Volcanoes : RHP Peter Ellis
Batting: RHB Alex Mejia 0-0: Ball
1-0: Ball
2-0: Called Strike
2-1: Ball
3-1: Fly out, F8 (Flyball, 8RM, EV 79.4 MPH)
Batting: LHB Fernão Manta 0-0: Ball
1-0: Foul Ball, location: 2F
1-1: Ball
2-1: DOUBLE (Flyball, 89D, EV 100.6 MPH)
Batting: LHB Bobby Gambrell 0-0: Called Strike
0-1: DOUBLE (Flyball, 78XD, EV 101.9 MPH)
Fernão Manta scores
Batting: LHB Jim Jardine 0-0: SINGLE (Line Drive, 89S, EV 99.4 MPH)
Bobby Gambrell to third
Runner from 3rd tries for Home, SAFE, throw by RF to home
Batting: RHB Theo Schepers Balk!
Jim Jardine to second
0-0: Called Strike
0-1: Ground out 5-3 (Groundball, 56, EV 84.4 MPH)
Batting: RHB Ruben Serrata 0-0: Foul Ball, location: 2F
0-1: Ball
1-1: Foul Ball, location: 2F
1-2: Strikes out swinging
Top of the 5th over - 2 runs, 3 hits, 0 errors, 1 left on base; Los Angeles (NYP) 10 - Salem-Keizer 0
BOTTOM OF THE 5TH
Salem-Keizer Volcanoes batting - Pitching for Los Angeles (NYP) Dodgers : RHP Alberto Castillo
Batting: RHB Ed Broomhead 0-0: Called Strike
0-1: SINGLE (Groundball, 3D, EV 110.6 MPH)
Batting: RHB Cesar Martinez 0-0: Called Strike
0-1: Ball
1-1: Fielders Choice at 2nd, 5-4 (Groundball, 56, EV 86.9 MPH)
Batting: RHB Troy Trice 0-0: Called Strike
0-1: Ball
1-1: Ball
2-1: Called Strike
2-2: Strikes out looking
Batting: RHB Frank Pena 0-0: Swinging Strike
0-1: Ball
1-1: Ball
2-1: Called Strike
Cesar Martinez is caught stealing 2nd base 2-4
Bottom of the 5th over - 0 runs, 1 hit, 0 errors, 0 left on base; Los Angeles (NYP) 10 - Salem-Keizer 0
TOP OF THE 6TH
Los Angeles (NYP) Dodgers batting - Pitching for Salem-Keizer Volcanoes : RHP Peter Ellis
Batting: RHB Javier Solis 0-0: Ball
1-0: Called Strike
1-1: Foul Ball, location: 2F
1-2: Foul Ball, location: 2F
1-2: Foul Ball, location: 2F
1-2: Foul Ball, location: 2F
1-2: Strikes out swinging
Batting: RHB Robby Cuellar 0-0: Foul Ball, location: 2F
0-1: Ball
1-1: Called Strike
1-2: Ball
2-2: Fly out, F7 (Flyball, 7S, EV 93.1 MPH)
Batting: LHB Chris Buchan 0-0: Called Strike
0-1: Ground out 4-3 (Groundball, 4, EV 90.6 MPH)
Top of the 6th over - 0 runs, 0 hits, 0 errors, 0 left on base; Los Angeles (NYP) 10 - Salem-Keizer 0
BOTTOM OF THE 6TH
Salem-Keizer Volcanoes batting - Pitching for Los Angeles (NYP) Dodgers : RHP Alberto Castillo
Batting: RHB Frank Pena 0-0: Called Strike
0-1: Foul Ball, location: 2F
0-2: Ball
1-2: Foul Ball, location: 2F
1-2: Ball
2-2: Strikes out swinging
Batting: RHB Omar Jordan 0-0: Foul Ball, location: 2F
0-1: Foul Ball, location: 2F
0-2: Ball
1-2: Foul Ball, location: 2F
1-2: Strikes out swinging
Batting: LHB James Wheaton 0-0: Called Strike
0-1: Fly out, F7 (Flyball, 7, EV 81.2 MPH)
Bottom of the 6th over - 0 runs, 0 hits, 0 errors, 0 left on base; Los Angeles (NYP) 10 - Salem-Keizer 0
TOP OF THE 7TH
Los Angeles (NYP) Dodgers batting - Pitching for Salem-Keizer Volcanoes : RHP Peter Ellis
Batting: RHB Alex Mejia 0-0: Foul Ball, location: 2F
0-1: Swinging Strike
0-2: Ball
1-2: Strikes out looking
Batting: LHB Fernão Manta 0-0: Ground out 4-3 (Groundball, 4, EV 80.6 MPH)
Batting: LHB Bobby Gambrell 0-0: Foul Ball, location: 2F
0-1: Ball
1-1: Ball
2-1: Swinging Strike
2-2: Ball
3-2: Foul Ball, location: 2F
3-2: Strikes out looking
Top of the 7th over - 0 runs, 0 hits, 0 errors, 0 left on base; Los Angeles (NYP) 10 - Salem-Keizer 0
BOTTOM OF THE 7TH
Salem-Keizer Volcanoes batting - Pitching for Los Angeles (NYP) Dodgers : RHP Alberto Castillo
Batting: LHB John Whitman 0-0: Called Strike
0-1: Ground out U3 (Groundball, 3, EV 110.6 MPH)
Pinch Hitting: RHB John Tyra 0-0: Ball
1-0: Swinging Strike
1-1: Called Strike
1-2: Strikes out looking
Batting: RHB Willie Sanchez 0-0: Foul Ball, location: 2F
0-1: Ground out 5-3 (Groundball, 56S, EV 70.6 MPH)
Bottom of the 7th over - 0 runs, 0 hits, 0 errors, 0 left on base; Los Angeles (NYP) 10 - Salem-Keizer 0
TOP OF THE 8TH
Los Angeles (NYP) Dodgers batting - Pitching for Salem-Keizer Volcanoes : RHP Peter Ellis
Now at 2B: Willie Sanchez
Now at 3B: John Tyra
Batting: LHB Jim Jardine 0-0: Foul Ball, location: 2F
0-1: Swinging Strike
0-2: Foul Ball, location: 2F
0-2: Strikes out swinging
Batting: RHB Theo Schepers 0-0: Ball
1-0: Ball
2-0: Called Strike
2-1: Called Strike
2-2: Ball
3-2: Base on Balls
Pitching: RHP Chance Robinson
Batting: RHB Ruben Serrata 0-0: DOUBLE (Line Drive, 78D, EV 104.4 MPH)
Theo Schepers to third
Batting: RHB Javier Solis 0-0: Ball
1-0: Called Strike
1-1: 3-RUN HOME RUN (Flyball, 7LD, EV 96.2 MPH), Distance : 366 ft
Batting: RHB Robby Cuellar 0-0: DOUBLE (Groundball, 5L, EV 102.5 MPH)
Batting: LHB Chris Buchan 0-0: Called Strike
0-1: Ball
1-1: Called Strike
1-2: Strikes out looking
Batting: RHB Alex Mejia 0-0: Foul Ball, location: 2F
0-1: Ball
1-1: Foul Ball, location: 2F
1-2: Strikes out swinging
Top of the 8th over - 3 runs, 3 hits, 0 errors, 1 left on base; Los Angeles (NYP) 13 - Salem-Keizer 0
BOTTOM OF THE 8TH
Salem-Keizer Volcanoes batting - Pitching for Los Angeles (NYP) Dodgers : RHP Alberto Castillo
Pitching: RHP Dae-je Chung
Batting: RHB Ed Broomhead 0-0: Ball
1-0: SINGLE (Groundball, 4MD, EV 100.0 MPH)
Batting: RHB Cesar Martinez 0-0: Ball
1-0: Ball
2-0: Swinging Strike
2-1: Fly out, F8 (Line Drive, 8LM, EV 87.5 MPH)
Pinch Hitting: RHB Justin Layton 0-0: Ball
1-0: Foul Ball, location: 2F
1-1: Foul Ball, location: 2F
1-2: Fielders Choice at 2nd, 5-4 (Groundball, 5S, EV 86.9 MPH)
Batting: RHB Frank Pena 0-0: Ball
1-0: Foul Ball, location: 2F
1-1: SINGLE (Line Drive, 89S, EV 99.4 MPH)
Justin Layton to second
Runner from 2nd tries for 3rd, SAFE, throw by RF made to third
Now in RF: Kekoa Kahele
Batting: RHB Omar Jordan 0-0: Ball
1-0: Called Strike
1-1: Ball
2-1: Swinging Strike
2-2: Ball
3-2: Base on Balls
Frank Pena to second
Batting: LHB James Wheaton 0-0: Ball
1-0: Ball
2-0: Ball
3-0: Base on Balls
Justin Layton scores
Frank Pena to third
Omar Jordan to second
Batting: LHB John Whitman 0-0: Called Strike
0-1: SINGLE (Line Drive, 9S, EV 111.9 MPH)
Frank Pena scores
Omar Jordan to third
James Wheaton to second
Pinch Hitting: LHB Nate Conley 0-0: Ball
1-0: Ground out U3 (Groundball, 3, EV 98.8 MPH)
Bottom of the 8th over - 2 runs, 3 hits, 0 errors, 3 left on base; Los Angeles (NYP) 13 - Salem-Keizer 2
TOP OF THE 9TH
Los Angeles (NYP) Dodgers batting - Pitching for Salem-Keizer Volcanoes : RHP Chance Robinson
Now at 3B: Pedro Quezada
Now in LF: Justin Layton
Batting: LHB Fernão Manta 0-0: Foul Ball, location: 2F
0-1: Ball
1-1: Foul Ball, location: 2F
1-2: Ball
2-2: Ball
3-2: SINGLE (Groundball, 34D, EV 103.1 MPH)
Batting: LHB Bobby Gambrell 0-0: Fly out, F7 (Line Drive, 7S, EV 90.6 MPH)
Batting: LHB Jim Jardine 0-0: SINGLE (Line Drive, 8LS, EV 96.9 MPH)
Fernão Manta to second
Batting: RHB Theo Schepers 0-0: Ball
1-0: Ball
2-0: Ball
3-0: Called Strike
3-1: Called Strike
3-2: Base on Balls
Fernão Manta to third
Jim Jardine to second
Batting: RHB Ruben Serrata 0-0: Reached on error, E4 (Groundball, 4, EV 84.4 MPH)
Fernão Manta scores
Jim Jardine to third
Theo Schepers to second
Batting: RHB Javier Solis 0-0: Ball
1-0: Foul Ball, location: 2F
1-1: Ball
2-1: Ball
3-1: Swinging Strike
3-2: Grounds into double play, 5-4-3 (Groundball, 56, EV 80.6 MPH)
Top of the 9th over - 1 run, 2 hits, 1 error, 2 left on base; Los Angeles (NYP) 14 - Salem-Keizer 2
BOTTOM OF THE 9TH
Salem-Keizer Volcanoes batting - Pitching for Los Angeles (NYP) Dodgers : RHP Dae-je Chung
Batting: RHB Willie Sanchez 0-0: Ball
1-0: Called Strike
1-1: Foul Ball, location: 2F
1-2: Ground out 4-3 (Groundball, 4, EV 89.4 MPH)
Batting: RHB Ed Broomhead 0-0: Foul Ball, location: 2F
0-1: Called Strike
0-2: Fly out, F9 (Flyball, 9, EV 86.9 MPH)
Batting: RHB Cesar Martinez 0-0: Foul Ball, location: 2F
0-1: Called Strike
0-2: Ball
1-2: Ball
2-2: Foul Ball, location: 2F
2-2: Ball
3-2: Strikes out looking
Bottom of the 9th over - 0 runs, 0 hits, 0 errors, 0 left on base; Los Angeles (NYP) 14 - Salem-Keizer 2
Thursday, December 15th , 2022 - OOTP Baseball 23.9 Build 102